 Dungeon Crawl Stone Soup version 0.23.2-33-g5129a83184 (webtiles) character file.

Game seed: 8555884887098383723

238 FishyPogo the Covered (level 5, -3/49 HPs)
             Began as a Deep Dwarf Fighter on July 30, 2019.
             Killed by nerve-wracking pain
             ... invoked by an orc priest
              (12 damage)
             ... on level 4 of the Dungeon.
             The game lasted 00:21:42 (2183 turns).

FishyPogo the Covered (Deep Dwarf Fighter)          Turns: 2183, Time: 00:21:43

Health: -3/49      AC:  8    Str: 19    XL:     5   Next: 78%
Magic:  4/4        EV:  8    Int:  9    God:
Gold:   126        SH:  9    Dex: 13    Spells: 4/4 levels left

rFire    . . .     SeeInvis .   y - -3 long sword (curse)
rCold    . . .     Gourm    .   c - +0 shield
rNeg     . . .     Faith    .   v - +1 scale mail
rPois    .         Spirit   .   (no helmet)
rElec    .         Reflect  .   (no cloak)
rCorr    .         Harm     .   (no gloves)
MR       .....                  (no boots)
Stlth    +.........             u - amulet of rage
HPRegen  0.00/turn              (no ring)
MPRegen  0.09/turn              (no ring)

@: non-regenerating
A: damage resistance, heal wounds, sense surroundings 1, no regeneration
a: Heal Wounds, Evoke Berserk Rage


You were on level 4 of the Dungeon.
You were not hungry.

You visited 1 branch of the dungeon, and saw 4 of its levels.

You collected 126 gold pieces.

Inventory:

Hand Weapons
 a - a +2 dagger of speed
 b - a +1 long sword
 y - a cursed -3 long sword (weapon)
Missiles
 h - 25 stones (quivered)
Armour
 c - a +0 shield (worn)
 v - a +1 scale mail (worn)
 w - a +0 ring mail
Jewellery
 u - an amulet of rage (around neck)
Scrolls
 l - a scroll of fear
 m - 2 scrolls of enchant weapon
 n - a scroll of identify
 q - a scroll of blinking
Potions
 d - a potion of might
 e - a potion of heal wounds
 i - a potion of agility {unknown}
 o - a potion of haste {unknown}
 p - a potion of berserk rage {unknown}
 s - a potion of mutation {unknown}
 x - 3 potions of lignification {unknown}
Comestibles
 f - 7 rations


   Skills:
 + Level 3.4 Fighting
 - Level 0.1(1.5) Short Blades
 + Level 2.8 Long Blades
 + Level 1.6 Throwing
 + Level 4.0 Armour
 * Level 2.6 Dodging
 + Level 2.1 Stealth
 + Level 3.8 Shields


You had 4 spell levels left.
You didn't know any spells.
Your spell library was empty.

Dungeon Overview and Level Annotations

Branches:
Dungeon (4/15)
 Temple: D:4-7

Altars:


Innate Abilities, Weirdness & Mutations

You are resistant to damage.
You can heal yourself by infusing magical energy.
You passively map a small area around you.
You do not regenerate.


Message History

You closely miss the orc priest.
The orc priest is heavily wounded.
The orc hits you with a +0 mace.
The orc priest mumbles some strange prayers to Beogh against you.
Beogh smites you!
* * * LOW HITPOINT WARNING * * *
The orc hits you but does no damage.
You hit the orc priest.
The orc priest is almost dead.
You block the orc's attack.
The orc priest looks satisfied for a moment.
The orc completely misses you.
You riposte.
You hit the orc but do no damage. You block the orc priest's attack.
There are monsters nearby!
Your shield prevents you from hitting the orc priest.
The orc priest is almost dead.
The orc hits you but does no damage. You block the orc's attack.
The orc priest calls down the wrath of Beogh upon you.
Pain shoots through your body!
You die...

, #......#'#.##.#...##...
.......#..........##.#.......#
,
...<...+.####........#.......#
....o..######.....####.......#
....o.............# #.......#
........#########.# #.......#
....o...# #####'####.......#
.$......# #................#
........#####@.........####.##
#######.....ooo...........#.##
.........................#.##
.........................#...
,.............#########.......
,.............# #....... ,
.............# #.......
.............# #....... , ,
.............# #.......


You could see an orc priest and 2 orcs.

Vanquished Creatures
  A scorpion (D:4)
  A centaur skeleton (D:4)
  A worker ant (D:2)
  A hound skeleton (D:4)
  5 adders
  An ooze (D:2)
  A dart slug (D:3)
  A leopard gecko (D:3)
  9 orcs
  7 bats
  4 giant cockroaches
  7 goblins
  A hobgoblin (D:1)
  4 jackals (D:3)
  2 quokkas
  A ball python (D:3)
  2 frilled lizards
  12 kobolds
  5 rats
66 creatures vanquished.

Notes
Turn   | Place    | Note
-------+----------+-------------------------------------------
     0 | D:1      | FishyPogo the Deep Dwarf Fighter began the quest for the
                  | Orb.
     0 | D:1      | Reached XP level 1. HP: 20/20 MP: 1/1
   101 | D:1      | Reached XP level 2. HP: 27/27 MP: 2/2
   791 | D:2      | Reached skill level 1 in Dodging
   825 | D:2      | Reached skill level 1 in Stealth
   985 | D:2      | Reached XP level 3. HP: 30/34 MP: 3/3
  1168 | D:2      | Reached XP level 4. HP: 18/42 MP: 4/4
  1304 | D:3      | Reached skill level 1 in Throwing
  1941 | D:4      | Reached XP level 5. HP: 14/49 MP: 5/5
  2149 | D:4      | Reached skill level 4 in Armour
  2183 | D:4      | Killed from afar by an orc priest

Skill      XL: |  1  2  3  4  5 |
---------------+----------------+-----
Dodging        | 1 2 |  2.6
Stealth        | 1 2 |  2.1
Fighting       | 3 |  3.4
Throwing       | 1 |  1.6
Armour         | 4 |  4.0
Short Blades   | |  0.1
Long Blades    | |  2.8
Shields        | |  3.8

Action                   |  1- 3 |  4- 6 || total
-------------------------+-------+-------++-------
Melee: Long sword        |   124 |   124 ||   248
Throw: Stone             |    22 |    31 ||    53
 Abil: Heal Wounds       |       |     1 ||     1
  Use: Scroll            |       |     7 ||     7
       Potion            |       |     1 ||     1
  Eat: Chunk             |     1 |     4 ||     5
Armor: Scale mail        |    56 |    55 ||   111
Dodge: Dodged            |    42 |    41 ||    83
Block: Shield            |    68 |    60 ||   128
       Rpst.: Long sword |    11 |    13 ||    24
